 Dungeon Crawl Stone Soup version 0.27.1-35-g4d5d836560 (webtiles) character file.

Game seed: 12402596368253104683

1 cbfl8 the Sneak (level 1, -4/19 HPs)
             Began as a Minotaur Delver on Apr 5, 2022.
             Shot with an arrow by a centaur (8 damage)
             ... on level 5 of the Dungeon.
             The game lasted 00:00:21 (91 turns).

cbfl8 the Sneak (Minotaur Delver)                     Turns: 91, Time: 00:00:21

Health: -4/19      AC:  3    Str: 16    XL:     1   Next: 16%
Magic:  0/0        EV: 11    Int:  7    God:
Gold:   37         SH:  0    Dex: 11    Spells: 0/0 levels left

rFire    . . .     SeeInvis .   a - +0 hand axe
rCold    . . .     Faith    .   (no shield)
rNeg     . . .     Spirit   .   b - +0 leather armour
rPois    .         Reflect  .   (helmet restricted)
rElec    .         Harm     .   (no cloak)
rCorr    .         Rampage  .   (no gloves)
Will     .....                  (no boots)
Stlth    ++........             (no amulet)
HPRegen  0.06/turn              (no ring)
MPRegen  0.07/turn              (no ring)

@: no status effects
A: horns 2, retaliatory headbutt
a: no special abilities


You were on level 5 of the Dungeon.
You visited 1 branch of the dungeon, and saw 2 of its levels.

You collected 37 gold pieces.

Inventory:

Hand Weapons
 a - a +0 hand axe (weapon)
Armour
 b - a +0 leather armour (worn)
Wands
 g - a wand of digging (3)
Scrolls
 c - a scroll of fog
 d - a scroll of magic mapping
 e - a scroll of fear
Potions
 f - a potion of haste
 h - a potion of lignification {unknown}


   Skills:
 + Level 3.6 Fighting
 + Level 2.4 Axes
 + Level 2.1 Dodging
 + Level 4.1 Stealth


You couldn't memorise any spells.
You didn't know any spells.
Your spell library was empty.

Dungeon Overview and Level Annotations

Branches:
Dungeon (5/15)
 Temple: D:4-7

Altars:

Annotations:
D:5 Blork the orc


Innate Abilities, Weirdness & Mutations

You have a pair of horns on your head.
You reflexively headbutt those who attack you in melee.


Message History

Found a stone staircase leading up.
A quokka comes into view.
The quokka completely misses you.
There is a stone staircase leading up here.
You hit the quokka.
You kill the quokka!
There is a stone staircase leading up here.
You climb upwards.
Found 11 gold pieces.
There is a stone staircase leading down here.
You climb downwards.
There is a stone staircase leading up here.
Found 14 gold pieces.
Found a lumpy silvery potion.
Found a scroll labelled DAOFESHRUNGUD.
You now have 37 gold pieces (gained 14).
Found a scroll labelled FUARUM JIUGG.
h - a lumpy silvery potion A centaur comes into view.
You see here a scroll labelled DAOFESHRUNGUD.
Found 9 arrows.
Blork the orc comes into view.
He is wielding a +0 dire flail.
Blork the orc shouts!
Blork the orc drinks a potion.
Blork the orc seems to speed up.
Blork the orc gestures at you while chanting.
The puff of flame hits you!
Ouch! That really hurt!
The centaur shouts!
The centaur wields a +0 shortbow.
The centaur shoots an arrow.
The arrow hits you.
* * * LOW HITPOINT WARNING * * *
Blork the orc looks satisfied for a moment.
Blork the orc grins evilly.
The centaur shoots an arrow.
The arrow barely misses you.
The centaur shoots an arrow.
The arrow misses you.
The centaur shoots an arrow.
The arrow misses you.
Blork the orc looks braver for a moment.
The centaur shoots an arrow.
The arrow closely misses you.
The centaur shoots an arrow.
The arrow hits you!
You die...

. ###....#........
#.#.##..##.......
.###.##........#......
...................#.#
......#..##..#.....#.###
.........##..#.....#...#
..#....................### ##.
......................#..# ...
........#......@......#.####.# .
........#...o................#..
................#.....###.......
.(....#...##....#.....#.......#
......###?c........##...<.....#
#..........#..#..###.....#...##
#..........#.###.##.##..##...#
.......?......#.......####..##
..#........#####...#.....####


You could see Blork the orc (fast) and a centaur.

Vanquished Creatures
  A quokka (D:5)
1 creature vanquished.

Notes
Turn   | Place    | Note
-------+----------+-------------------------------------------
     0 | D:5      | cbfl8 the Minotaur Delver began the quest for the Orb.
     0 | D:5      | Reached XP level 1. HP: 19/19 MP: 0/0
    42 | D:4      | Noticed a jelly
    70 | D:5      | Noticed a centaur
    79 | D:5      | Noticed Blork the orc
    91 | D:5      | Shot with an arrow by a centaur

Illustrated notes

Levels and vault maps discovered:
D:4:      layout_loops_cross, serial_park_tiny_1, st_stairs_14,
          grunt_decor_resistance
D:5:      layout_cave_pools, nicolae_gozag_seed_capital, amcnicky_altar_gilded,
          uniq_blork_the_orc

Action                   || total
-------------------------++-------
Melee: Hand axe          ||     1
Dodge: Dodged            ||     5
